cohdb
Replays
Latest Replays
All Replays
Popular Replays
Top Player Replays
Match Explorer
How It Works
Community
CoH3 Stats
Reddit
Sign in to upload your games and track your stats! →
Sign in with Steam
Match 39349983
Unlisted
Match 39349983
Overview
Messages
Build Orders
End
Construct Section Command Post
Vickers Machine Gun Team
Selects Indian Artillery Battlegroup
Infantry Section
ML 3-inch Mortar Team
Infantry Section
Construct Platoon Command Post
Unlock M3 Stuart Light Tanks
Selects Valour
M3 Stuart Light Tank
Unlock Bishop Self-propelled Artillery
Selects Gurkha Rifles Section
Selects Artillery Saturation
Gurkha Rifles Section
Gurkha Rifles Section
Construct Field Infirmary
Bishop Self-propelled Artillery
Selects Off-map Airburst Barrage
6-pounder Anti-tank Gun Team
Off-map Airburst Barrage
Grenade Package
Off-map Airburst Barrage
Off-map Airburst Barrage
robertcop
Jackesnacke
Mårran
MarcusGOW
UH|dun! ツ
R
0
0
Comments
sign in to comment!
No comments posted yet!